 Dungeon Crawl Stone Soup version 0.31-a0-978-g1e143483b6 (webtiles) character file.

Game seed: 16054355234143797687

476 pokeman the Magician (level 6, -2/34 HPs)
             Began as a Deep Elf Hedge Wizard on Oct 30, 2023.
             Killed from afar by Grinder (7 damage)
             ... with a puff of flame
             ... on level 4 of the Dungeon.
             The game lasted 00:09:08 (4649 turns).

pokeman the Magician (Deep Elf Hedge Wizard)        Turns: 4649, Time: 00:09:09

Health: -2/34      AC:  3    Str:  7    XL:     6   Next: 84%
Magic:  9/17       EV: 13    Int: 21    God:
Gold:   146        SH:  5    Dex: 14    Spells: 0/18 levels left

rFire   . . .        x - +1 dagger (venom)
rCold   . . .        (no shield)
rNeg    . . .        b - +0 robe
rPois   .            r - +0 helmet
rElec   .            (no cloak)
rCorr   .            (no gloves)
SInv    .            (no boots)
Will    .....        p - amulet of reflection
Stlth   ++           (no ring)
HPRegen 0.25/turn    (no ring)
MPRegen 0.15/turn

%: reflection
@: very slightly contaminated
A: no striking features
a: no special abilities


You were on level 4 of the Dungeon.
You visited 2 branches of the dungeon, and saw 5 of its levels.

You collected 146 gold pieces.

Inventory:

Hand Weapons
 x - a +1 dagger of venom (weapon)
Missiles
 l - a throwing net
Armour
 b - a +0 robe (worn)
 r - a +0 helmet (worn)
Magical Staves
 u - a staff of cold
Jewellery
 p - an amulet of reflection (around neck)
Wands
 a - a wand of flame (17)
 v - a wand of light (6)
Scrolls
 e - a scroll of revelation {unknown}
 g - 3 scrolls of identify {unknown}
 i - 2 scrolls of teleportation {unknown}
 j - a scroll of vulnerability {unknown}
 k - a scroll of butterflies {unknown}
 n - a scroll of poison {unknown}
 o - a scroll of enchant armour {unknown}
 s - a scroll of immolation {unknown}
 w - a scroll of amnesia {unknown}
Potions
 c - a potion of heal wounds {unknown}
 d - 3 potions of magic
 f - 3 potions of curing {unknown}
 h - 2 potions of ambrosia {unknown}
 m - a potion of cancellation {unknown}
 t - 2 potions of might {unknown}


   Skills:
 - Level 1.0 Fighting
 - Level 1.0 Armour
 - Level 3.0 Dodging
 - Level 3.0 Stealth
 * Level 6.5 Spellcasting
 + Level 5.1 Conjurations
 - Level 1.1 Summonings
 - Level 1.1 Translocations
 + Level 0.8 Transmutations
 + Level 0.6 Ice Magic
 - Level 1.0 Air Magic
 - Level 1.0 Poison Magic
 + Level 0.7 Evocations


You couldn't memorise any spells.
You knew the following spells:

 Your Spells              Type           Power      Damage    Failure   Level
a - Magic Dart            Conj           100%       1d8       1%          1
b - Mephitic Cloud        Conj/Pois/Air  16%        N/A       11%         3
c - Call Imp              Summ           22%        N/A       9%          2
d - Blink                 Tloc           22%        N/A       9%          2
e - Irradiate             Conj/Tmut      9%         3d14      58%         5
f - Freezing Cloud        Conj/Ice/Air   8%         6-21      69%         5

Your spell library contained the following spells:

 Spells                   Type           Power      Damage    Failure   Level
 Momentum Strike          Conj/Tloc      40%        3d9       3%          2
 Lesser Beckoning         Tloc           22%        N/A       9%          2
 Slow                     Hex            24%        N/A       10%         1
 Poisonous Vapours        Pois/Air       22%        N/A       10%         2
 Wereblood                Tmut           10%        N/A       10%         2
 Cigotuvi's Dreadful Rot  Necr/Pois/Air  18%        N/A       11%         2
 Gell's Gravitas          Tloc           11%        N/A       19%         3
 Teleport Other           Tloc           11%        N/A       19%         3


Dungeon Overview and Level Annotations

Branches:
Dungeon (4/15)             Temple (1/1) D:4

Altars:
Hepliaklqana
Kikubaaqudgha
Makhleb
Nemelex Xobeh
Qazlal
Ru
Sif Muna
Wu Jian
Zin

Annotations:
D:4 Grinder


Message History

Press: ? - help, Shift-Dir - straight line, f/p - hobgoblin
Aim: a hobgoblin (almost dead, 100% to hit)
The magic dart hits the hobgoblin.
You kill the hobgoblin!
Grinder shouts!
An orc comes into view. It is wielding a +0 club.
Casting: Magic Dart (safe; 1% risk of failure)
Confirm with . or Enter, or press ? or * to list all spells.
You miscast Call Imp.
You are very lightly contaminated with residual magic.
Nothing appears to happen.
Casting: Call Imp (safe; 9% risk of failure)
Confirm with . or Enter, or press ? or * to list all spells.
A tiny devil pulls itself out of the air.
Grinder gestures at you. Pain shoots through your body!
Unknown command.
Your cerulean imp closely misses Grinder.
You see here 3 boomerangs.
Your cerulean imp closely misses Grinder.
Grinder zaps a wand.
The puff of flame hits you!
Your cerulean imp hits Grinder from afar with a -3 spear.
Grinder zaps a wand.
The puff of flame hits you!
* * * LOW HITPOINT WARNING * * *
Casting: Call Imp (safe; 9% risk of failure)
Confirm with . or Enter, or press ? or * to list all spells.
You miscast Blink.
Nothing appears to happen.
Something hits your cerulean imp but does no damage.
Unknown command.
Casting: Blink (safe; 9% risk of failure)
Confirm with . or Enter, or press ? or * to list all spells.
You miscast Blink.
Nothing appears to happen.
Your cerulean imp hits Grinder but does no damage.
The orc closely misses your cerulean imp.
Your cerulean imp hits Grinder from afar with a -3 spear.
The orc closely misses your cerulean imp.
Your cerulean imp hits Grinder with a -3 spear.
Grinder zaps a wand.
The puff of flame hits you!
You die...
Grinder says, "Now the real fun starts!"

......#........+
......o..(.....#
......#.o5.oo..#
...o. #...##o5.#
.... #+####5..#
#.........#...##...#
#.........#....#...#
#.........#....#...#
###.......#....#@..#
..#.......#....'...#
..#.......#....#...#
..#.......#....#...#
#.#.......#'#..#...#
#.####'#.....#######
.......+.....#
.......#.....#
.......#.....#


You could see Grinder (ally target), 3 orcs and a friendly cerulean imp
(summoned).

Vanquished Creatures
  Sigmund (D:3)
  A jelly (D:4)
  A hound (D:4)
  Jessica (D:3)
  An iguana (D:4)
  Ijyb (D:3)
  Terence (D:3)
  Robin (D:3)
  2 adders
  2 worms (D:2)
  2 dart slugs
  5 orcs
  8 endoplasms
  6 giant cockroaches
  11 goblins
  9 hobgoblins
  8 jackals
  4 quokkas
  10 ball pythons
  6 bats
  2 frilled lizards
  9 kobolds
  7 rats
99 creatures vanquished.

Vanquished Creatures (collateral kills)
  A worm (D:2)
  A bat (D:2)
  A rat (D:2)
3 creatures vanquished.

Grand Total: 102 creatures vanquished

Notes
Turn   | Place    | Note
-------+----------+-------------------------------------------
     0 | D:1      | pokeman the Deep Elf Hedge Wizard began the quest for the
                  | Orb.
     0 | D:1      | Reached XP level 1. HP: 10/10 MP: 7/7
   267 | D:1      | Reached XP level 2. HP: 16/16 MP: 7/9
   723 | D:1      | Reached skill level 5 in Spellcasting
   922 | D:1      | Reached XP level 3. HP: 20/20 MP: 8/11
   926 | D:1      | Learned a level 3 spell: Mephitic Cloud
   929 | D:1      | Learned a level 2 spell: Call Imp
   932 | D:1      | Learned a level 2 spell: Blink
  1401 | D:2      | Reached skill level 1 in Fighting
  1401 | D:2      | Reached skill level 1 in Armour
  1837 | D:2      | Reached XP level 4. HP: 25/25 MP: 11/13
  2695 | D:3      | Noticed Jessica
  2700 | D:3      | Killed Jessica
  2857 | D:3      | Noticed Sigmund
  2888 | D:3      | Killed Sigmund
  2889 | D:3      | Reached XP level 5. HP: 16/29 MP: 2/15
  2889 | D:3      | Reached XP level 6. HP: 19/34 MP: 2/16
  3120 | D:3      | Noticed Terence
  3123 | D:3      | Noticed Ijyb
  3125 | D:3      | Noticed Robin
  3144 | D:3      | Killed Ijyb
  3145 | D:3      | Reached skill level 6 in Spellcasting
  3150 | D:3      | Killed Terence
  3151 | D:3      | Reached skill level 5 in Conjurations
  3185 | D:3      | Killed Robin
  3672 | D:3      | Learned a level 5 spell: Irradiate
  3954 | D:4      | Found a staircase to the Ecumenical Temple.
  3959 | Temple   | Entered the Ecumenical Temple
  4270 | D:4      | Reached skill level 1 in Air Magic
  4309 | D:4      | Found a sparkling altar of Nemelex Xobeh.
  4409 | D:4      | Found a sacrificial altar of Ru.
  4457 | D:4      | Reached skill level 1 in Poison Magic
  4488 | D:4      | Learned a level 5 spell: Freezing Cloud
  4634 | D:4      | Noticed Grinder
  4649 | D:4      | Killed from afar by Grinder

Illustrated notes

Levels and vault maps discovered:
D:1:      spicycebolla_arrival_clurvy, layout_rooms, amcnicky_mini_pool_small,
          supply_closet_lemuel
D:2:      layout_basic
D:3:      layout_loops_corners, minmay_misc_feat_doors, nicolae_goblin_pals,
          uniq_sigmund, uniq_ijyb, uniq_terence, uniq_jessica
D:4:      layout_gridville, nicolae_overflow_crystal_walls,
          nemelex_spade_bored_becter, temple_doors_e, uniq_grinder
Temple:   nicolae_temple_great_sept

Skill      XL: |  1  2  3  4  5  6 |
---------------+-------------------+-----
Spellcasting   | 5 6 |  6.5
Fighting       | 1 |  1.0
Armour         | 1 |  1.0
Conjurations   | 2 4 5 |  5.1
Dodging        | 3 |  3.0
Stealth        | 3 |  3.0
Air Magic      | 1 |  1.0
Poison Magic   | 1 |  1.0
Summonings     | |  1.1
Translocations | |  1.1
Transmutations | |  0.8
Ice Magic      | |  0.6
Evocations     | |  0.7

Action                     |  1- 3 |  4- 6 || total
---------------------------+-------+-------++-------
  Melee: Dagger            |    34 |    20 ||    54
         Punch             |     2 |       ||     2
         Halberd           |       |    33 ||    33
   Cast: Magic Dart        |   118 |   132 ||   250
         Mephitic Cloud    |     2 |     8 ||    10
         Call Imp          |     2 |     2 ||     4
   Stab: Confused          |       |     7 ||     7
 Armour: Robe              |    29 |    24 ||    53
  Dodge: Dodged            |    50 |    26 ||    76
  Block: Other             |       |     4 ||     4

Table legend: (Time is in decaauts)
 A = Elapsed time spent in this place.
 B = Non-inter-level travel time spent in this place.
 C = Inter-level travel time spent in this place.
 D = Time resting spent in this place.
 E = Time spent auto-exploring this place.
 F = Levels seen in this place.
 G = Mean time per level.
                   A        B        C        D        E       F      G
               +--------+--------+--------+--------+--------+-----+--------+
         Total |   4663 |   4618 |     45 |      2 |   3909 |   5 |  932.6 |
       Dungeon |   4662 |   4617 |     45 |      2 |   3909 |   4 | 1165.5 |
        Temple |      1 |      1 |      0 |      0 |      0 |   1 |    1.0 |
               +--------+--------+--------+--------+--------+-----+--------+

Top non-repeatable levels by time:
     D:3: 1485 daAuts
     D:2: 1352 daAuts
     D:1: 1048 daAuts
     D:4: 775 daAuts
  Temple: 1 daAuts
